 Dungeon Crawl Stone Soup version 0.30.0-19-g36f170ea60 (webtiles) character file.

Game seed: 5822782043233558928

1563 cheesebisquit the Ruffian (level 8, -2/78 HPs)
             Began as a Troll Fighter on May 30, 2023.
             Was an Initiate of Makhleb.
             Slain by Maggie
             ... wielding a +1 glaive of flaming
              (21 damage)
             ... on level 6 of the Dungeon.
             The game lasted 00:19:31 (4127 turns).

cheesebisquit the Ruffian (Troll Fighter)           Turns: 4127, Time: 00:19:32

Health: -2/78      AC:  4    Str: 25    XL:     8   Next: 58%
Magic:  7/7        EV:  9    Int:  6    God:    Makhleb [......]
Gold:   225        SH:  8    Dex:  9    Spells: 7/7 levels left

rFire   . .          .
                       - Unarmed
rCold   . . .        b - +0 kite shield
rNeg    . . .        a - +0 robe
rPois   .            (helmet restricted)
rElec   .            (no cloak)
rCorr   .            (gloves unavailable)
SInv    .            (boots unavailable)
Will    .....        (no amulet)
Stlth   ++           z - ring of flight
HPRegen 1.13/turn    (no ring)
MPRegen 0.10/turn

%: no passive effects
@: flying, mesmerised
A: large, unfitting armour, claws 3, regeneration 1, shaggy fur 1, tough skin 1
a: Renounce Religion


You were on level 6 of the Dungeon.
You worshipped Makhleb.
Makhleb was noncommittal.
You visited 2 branches of the dungeon, and saw 7 of its levels.

You collected 225 gold pieces.

Inventory:

Missiles
 s - 4 javelins
 v - a poisoned dart (quivered)
 y - a throwing net
Armour
 a - a +0 robe (worn)
 b - a +0 kite shield (worn)
Jewellery
 i - an amulet of faith
 z - a ring of flight (left claw)
Scrolls
 c - a scroll of summoning {unknown}
 d - 3 scrolls of teleportation {unknown}
 e - a scroll of enchant armour {unknown}
 f - 3 scrolls of silence {unknown}
 g - 4 scrolls of identify {unknown}
 h - 2 scrolls of magic mapping {unknown}
 l - a scroll of fear {unknown}
 m - a scroll of enchant weapon {unknown}
 n - a scroll of immolation {unknown}
 q - 2 scrolls of blinking {unknown}
 u - a scroll of fog {unknown}
Potions
 j - 3 potions of brilliance
 k - a potion of curing
 o - a potion of magic {unknown}
 p - 2 potions of heal wounds {unknown}
 r - a potion of cancellation {unknown}
 t - a potion of invisibility {unknown}
 w - a potion of mutation {unknown}
 x - 2 potions of haste {unknown}


   Skills:
 + Level 4.2 Fighting
 + Level 3.1 Armour
 + Level 4.1 Dodging
 + Level 2.2 Stealth
 + Level 4.5 Shields
 * Level 6.0 Unarmed Combat


You had 7 spell levels left.
You didn't know any spells.
Your spell library contained the following spells:

 Spells                   Type           Power      Damage    Failure   Level
 Apportation              Tloc           0%         N/A       71%         1
 Necrotise                Necr           0%         1d4       71%         1
 Shock                    Conj/Air       0%         1d3       71%         1
 Summon Small Mammal      Summ           0%         N/A       71%         1
 Portal Projectile        Hex/Tloc       0%         N/A       97%         3
 Swiftness                Air            0%         N/A       97%         3
 Tukima's Dance           Hex            0%         N/A       97%         3
 Vhi's Electric Charge    Tloc/Air       0%         N/A       97%         3
 Airstrike                Air            0%         2d(0-16)  100%        4
 Arcjolt                  Conj/Air       0%         1d10      100%        5
 Blade Hands              Tmut           0%         N/A       100%        5
 Maxwell's Capacitive Co  Air            0%         ∞         100%        8


Dungeon Overview and Level Annotations

Branches:
Dungeon (6/15)             Temple (1/1) D:5

Altars:
Ashenzari
Cheibriados
Dithmenos
Fedhas
Gozag
Hepliaklqana
Kikubaaqudgha
Makhleb
Nemelex Xobeh
Okawaru
Sif Muna
Xom
Yredelemnul
Zin
The Shining One

Shops:
D:4 *   D:5 :

Annotations:
D:6 Maggie


Innate Abilities, Weirdness & Mutations

You are too large for most types of armour.
You have claws for hands.
Your natural rate of healing is unusually fast.
You are covered in fur. (AC +1)
You have tough skin. (AC +1)


Message History

Maggie hits you with a +1 glaive of flaming!
Maggie burns you.
You claw Maggie!
Maggie is moderately wounded.
You block Maggie's attack.
You barely miss Maggie.
Maggie is moderately wounded.
An iguana comes into view.
Maggie points at you and mumbles some strange words.
The bolt of fire hits you!!
The iguana hisses angrily.
You mangle Maggie!!
Maggie is severely wounded.
Maggie says, "Leave now, and tell all of Margery's mercy!"
Maggie mumbles some strange words.
Maggie attempts to bespell you!
You are mesmerised by Maggie!
You scratch Maggie but do no damage.
Maggie is severely wounded.
Maggie looks more healthy.
Maggie hits you with a +1 glaive of flaming!!
Maggie burns you!
* * * LOW HITPOINT WARNING * * *
You scratch Maggie but do no damage.
Maggie is severely wounded.
The iguana hisses menacingly.
You block Maggie's attack.
You claw Maggie!
Maggie is almost dead.
Maggie says, "Fear not.
I will immortalize you in the tale of my first kill."
Maggie gestures at you while chanting. The bolt of fire hits you!!
* * * LOW HITPOINT WARNING * * *
You feel better.
Maggie points at you and mumbles some strange words.
The bolt of fire misses you.
You feel better.
Maggie gives herself a magical halo, but it quickly sputters out.
Maggie hits you with a +1 glaive of flaming!!
You die...

.# ... (..#
..(.# ...#
(l# #@###
#@.##
###..###
##......#
##.....#.....
##......#
#.##
##.......# #
##.......##
##........#
##....†....#


You could see Maggie (mesmerising) and an iguana.

Vanquished Creatures
  Sigmund (D:4)
  Menkaure (D:5)
  A water moccasin (D:5)
  Duvessa (D:5)
  A black bear (D:5)
  3 ogres
  A phantom (D:4)
  Blork the orc (D:5)
  2 scorpions (D:4)
  Dowan (D:5)
  A jelly (D:5)
  4 hounds
  An orc priest (D:4)
  2 sleepcaps (D:5)
  2 orc wizards (D:4)
  4 adders
  An ufetubus (D:4)
  2 worms
  A dart slug (D:4)
  7 orcs
  4 bats
  5 endoplasms
  A giant cockroach (D:4)
  4 goblins
  9 hobgoblins
  5 jackals (D:2)
  A quokka (D:2)
  11 ball pythons
  A frilled lizard (D:1)
  3 kobolds
  13 rats
95 creatures vanquished.

Notes
Turn   | Place    | Note
-------+----------+-------------------------------------------
     0 | D:1      | cheesebisquit the Troll Fighter began the quest for the
                  | Orb.
     0 | D:1      | Reached XP level 1. HP: 22/22 MP: 0/0
   460 | D:1      | Reached XP level 2. HP: 29/29 MP: 1/1
   876 | D:2      | Reached XP level 3. HP: 31/36 MP: 2/2
  1700 | D:3      | Reached XP level 4. HP: 43/44 MP: 3/3
  1862 | D:3      | Reached skill level 1 in Armour
  1862 | D:3      | Reached skill level 3 in Unarmed Combat
  2131 | D:3      | Found a snail-covered altar of Cheibriados.
  2517 | D:4      | Found Luwomorch's General Store.
  2520 | D:4      | Noticed an ogre
  2530 | D:4      | Killed an ogre
  2531 | D:4      | Reached skill level 1 in Stealth
  2531 | D:4      | Reached XP level 5. HP: 50/53 MP: 4/4
  2859 | D:4      | Reached XP level 6. HP: 61/61 MP: 5/5
  2869 | D:4      | Reached skill level 4 in Unarmed Combat
  2976 | D:4      | Noticed Sigmund
  2990 | D:4      | Killed Sigmund
  2991 | D:4      | Reached XP level 7. HP: 40/67 MP: 6/6
  3020 | D:4      | Identified the +9 plate armour of Day {rPois rF- rN+ Str+3}
  3044 | D:4      | Found a sparkling altar of Nemelex Xobeh.
  3389 | D:5      | Entered Level 5 of the Dungeon
  3403 | D:5      | Found Pudghag's Book Boutique.
  3422 | D:5      | Reached skill level 5 in Unarmed Combat
  3509 | D:5      | Found a staircase to the Ecumenical Temple.
  3518 | Temple   | Entered the Ecumenical Temple
  3518 | Temple   | Found a transporter.
  3518 | Temple   | Found a transporter.
  3520 | Temple   | Found a transporter.
  3520 | Temple   | Found a transporter.
  3549 | Temple   | Became a worshipper of Makhleb the Destroyer
  3581 | D:5      | Noticed Blork the orc
  3585 | D:5      | Killed Blork the orc
  3595 | D:5      | Reached XP level 8. HP: 60/78 MP: 7/7
  3701 | D:5      | Noticed Menkaure
  3708 | D:5      | Killed Menkaure
  3855 | D:5      | Noticed Duvessa
  3855 | D:5      | Noticed Dowan
  3871 | D:5      | Killed Duvessa
  3873 | D:5      | Killed Dowan
  3874 | D:5      | Reached skill level 6 in Unarmed Combat
  4113 | D:6      | Noticed Maggie
  4127 | D:6      | Slain by Maggie

Illustrated notes

Levels and vault maps discovered:
D:1:      tarquinn_simple_flora_water_e, layout_loops_ring, serial_rivers,
          chequers_serial_rivers_micro_b, chequers_serial_rivers_room_b,
          chequers_serial_rivers_small_b, chequers_serial_rivers_micro_a,
          chequers_serial_rivers_room_a, minmay_rat_gold_closets
D:2:      layout_basic
D:3:      layout_basic, slow_altar_2
D:4:      layout_basic, mainiacjoe_overflow_surrounded_room, serial_shops,
          nicolae_shop_crystal, minmay_bent, uniq_sigmund
D:5:      layout_basic, minmay_temple_entry_statues_pillars, serial_shops, shop,
          uniq_blork_the_orc, uniq_menkaure, uniq_duvessa
D:6:      layout_cave_pods, nicolae_qazlal_beasts_of_the_sky, uniq_maggie
Temple:   hellmonk_temple_divided_pantheon

Skill      XL: |  1  2  3  4  5  6  7  8 |
---------------+-------------------------+-----
Armour         | 1 2 3 |  3.1
Shields        | 3 4 |  4.5
Unarmed Combat | 3 4 5 6 |  6.0
Fighting       | 3 4 |  4.2
Stealth        | 1 2 |  2.2
Dodging        | 3 4 |  4.1

Action                     |  1- 3 |  4- 6 |  7- 9 || total
---------------------------+-------+-------+-------++-------
  Melee: Unarmed           |   124 |    90 |    72 ||   286
  Throw: Dart              |       |    11 |     6 ||    17
         Javelin           |       |     1 |       ||     1
    Use: Potion            |       |     1 |     5 ||     6
   Stab: Sleeping          |     5 |     1 |     1 ||     7
         Distracted        |       |       |     1 ||     1
 Armour: Robe              |    24 |    23 |     7 ||    54
  Dodge: Dodged            |    35 |    33 |    17 ||    85
  Block: Kite shield       |    47 |    37 |    31 ||   115
